 Dungeon Crawl Stone Soup version 0.31.0-9-g3a7656b989 (webtiles) character file.

Game seed: 5227993237598611961

171 qw the Shooter (level 5, -4/23 HPs)
             Began as a Spriggan Hunter on Feb 2, 2024.
             Was an Initiate of Okawaru.
             Killed by nerve-wracking pain
             ... invoked by an orc priest
              (10 damage)
             ... on level 4 of the Dungeon.
             The game lasted 00:00:09 (2466 turns).

qw the Shooter (Spriggan Hunter)                    Turns: 2466, Time: 00:00:10

Health: -4/23      AC:  6    Str:  7    XL:     5   Next: 26%
Magic:  6/6        EV: 20    Int: 11    God:    Okawaru [......]
Gold:   186        SH:  0    Dex: 20    Spells: 4/4 levels left

rFire   . . .        a - +0 shortbow
rCold   . . .        (shield currently unavailable)
rNeg    . . .        c - +0 robe
rPois   .            (helmet restricted)
rElec   .            f - +1 cloak
rCorr   .            (gloves unavailable)
SInv    +            (boots unavailable)
Will    .....        g - amulet of faith
Stlth   ++           (no ring)
HPRegen 0.23/turn    (no ring)
MPRegen 0.10/turn

%: faith
@: very quick
A: very small, no large weapons, unfitting armour, see invisible, speed 3,
iridescent scales 1, frail 1, high MP 1, screaming 1
a: Renounce Religion


You were on level 4 of the Dungeon.
You worshipped Okawaru.
Okawaru was noncommittal.
You visited 1 branch of the dungeon, and saw 4 of its levels.

You collected 186 gold pieces.


Innate Abilities, Weirdness & Mutations

You are very small and have problems with some larger weapons.
You are too small for most types of armour.
You have supernaturally acute eyesight. (SInv)
You cover ground extremely quickly. (Speed+++)
You are partially covered in iridescent scales. (AC +2)
You are frail. (-10% HP)
You have an increased reservoir of magic. (+10% MP)
You occasionally shout uncontrollably at your foes.


   Skills:
 - Level 2.2 Fighting
 + Level 5.3 Ranged Weapons
 - Level 5.0 Dodging
 - Level 1.5 Stealth


You had 4 spell levels left.
You didn't know any spells.
Your spell library was empty.

Inventory:

Hand Weapons
 a - a +0 shortbow (weapon)
Armour
 c - a +0 robe (worn)
 f - a +1 cloak (worn)
Jewellery
 g - an amulet of faith (around neck)
 i - a ring of ice
 o - an amulet of regeneration
Wands
 k - a wand of polymorph (10)
 l - a wand of charming (9)
Scrolls
 e - a scroll of teleportation
Potions
 b - a potion of enlightenment
 d - 2 potions of curing

Dungeon Overview and Level Annotations

Branches:
Dungeon (4/15)
 Temple: D:4-7

Altars:
Okawaru
The Shining One

Annotations:
D:3 2 runed translucent doors, qw's ghost, amateur SpHu


Message History

The arrow completely misses the orc priest.
The orc priest shouts!
You hear a shout!
An orc wizard comes into view. It is wielding a +1 dagger of venom.
The orc priest calls down the wrath of Beogh upon you.
Beogh smites you!
You shoot an arrow. The arrow hits the orc priest.
The orc priest is lightly wounded.
A goblin comes into view. It is wielding a +0 club.
You shoot an arrow. The arrow barely misses the orc priest.
The goblin shouts!
The orc wizard gestures wildly while chanting.
The orc wizard flickers and vanishes for a moment.
You shoot an arrow. The arrow hits the orc priest.
The orc priest is lightly wounded.
An orc comes into view. It is wielding a +0 flail.
The orc priest calls down the wrath of Beogh upon you.
You resist with significant effort.
You shoot an arrow. The arrow barely misses the orc priest.
You shoot an arrow.
The arrow closely misses the orc priest.
The arrow hits the goblin!
You kill the goblin!
Okawaru accepts your kill.
The orc priest hits you from afar with a +0 trident.
You shoot an arrow. The arrow barely misses the orc priest.
The orc priest barely misses you.
An adder comes into view.
You shoot an arrow. The adder hisses angrily.
The arrow hits the orc priest but does no damage.
The orc priest is lightly wounded.
The orc wizard points at you and mumbles some strange words.
The puff of flame hits you.
The orc priest looks braver for a moment.
You shoot an arrow. The arrow barely misses the orc priest.
The arrow hits the orc.
The orc is severely wounded.
The orc priest calls down the wrath of Beogh upon you.
Pain shoots through your body!
You die...

..)........#
#......####..#
. .. #......#
..##..
#......#
...)..
#.<##.##
.S..o###.....#
#.o......###
..#..o....#
#..@#.###
#.$...##
###..## #...
#..# ####


You could see an orc priest, an orc wizard (invisible), an adder and an orc.

Vanquished Creatures
  An orc priest (D:3)
  Jessica (D:2)
  Terence (D:2)
  3 adders (D:2)
  A dart slug (D:1)
  2 ribbon worms (D:2)
  5 orcs
  2 ball pythons
  2 endoplasms
  2 giant cockroaches (D:1)
  5 goblins
  6 hobgoblins
  5 jackals (D:1)
  4 kobolds (D:1)
  3 quokkas
  3 bats
  A frilled lizard (D:3)
  6 rats
53 creatures vanquished.

Notes
Turn   | Place    | Note
-------+----------+-------------------------------------------
     0 | D:1      | qw the Spriggan Hunter began the quest for the Orb.
     0 | D:1      | Reached XP level 1. HP: 10/10 MP: 2/2
     0 | D:1      | 0 ||| qw: Version: 0.3-a-155-g5e7d8dd
     0 | D:1      | 0 ||| qw: Game counter: 1758
     0 | D:1      | 0 ||| qw: Melee chars always use a shield: true
     0 | D:1      | 0 ||| qw: God list: Okawaru
     0 | D:1      | 0 ||| qw: Allow faded altars: false
     0 | D:1      | 0 ||| qw: Do Orc after clearing Dungeon:15 true
     0 | D:1      | 0 ||| qw: Do second Lair branch before Depths: true
     0 | D:1      | 0 ||| qw: Lair rune preference: random
     0 | D:1      | 0 ||| qw: Goals: Normal
     0 | D:1      | 0 ||| PLANNING D:1-11
    55 | D:1      | Reached skill level 3 in Dodging
   116 | D:1      | Reached XP level 2. HP: 10/14 MP: 3/3
   259 | D:1      | Found a faded altar of an unknown god.
   439 | D:1      | 439 ||| UPGRADING to +0 cloak.
   444 | D:1      | 444 ||| UPGRADING to amulet of faith.
   449 | D:1      | 449 ||| READING scroll labelled FEHODO TEEDOILUG.
   450 | D:1      | 450 ||| READING scroll labelled CIGEXYU OLLOZ.
   451 | D:1      | 451 ||| DRINKING 2 fizzy black potions.
   452 | D:1      | 452 ||| DROPPING scroll of butterflies.
   453 | D:1      | 453 ||| DROPPING potion of brilliance.
   467 | D:2      | Noticed Jessica
   474 | D:2      | Killed Jessica
   475 | D:2      | Reached XP level 3. HP: 11/18 MP: 4/4
   540 | D:2      | Noticed Terence
   545 | D:2      | HP: 4/18 [Terence/+0 mace (7)]
   552 | D:2      | HP: 3/18 [Terence/+0 mace (3)]
   553 | D:2      | Killed Terence
   554 | D:2      | Reached XP level 4. HP: 4/22 MP: 5/5
   554 | D:2      | 554 ||| FLEEEEING.
   559 | D:2      | 559 ||| FLEEEEING.
   560 | D:2      | 560 ||| FLEEEEING.
   561 | D:2      | 561 ||| FLEEEEING.
   562 | D:2      | 562 ||| FLEEEEING.
   564 | D:2      | 564 ||| FLEEEEING.
   565 | D:2      | 565 ||| FLEEEEING.
   566 | D:2      | 566 ||| FLEEEEING.
   567 | D:2      | 567 ||| FLEEEEING.
   568 | D:2      | 568 ||| FLEEEEING.
   569 | D:2      | 569 ||| FLEEEEING.
   570 | D:2      | 570 ||| FLEEEEING.
   574 | D:2      | 574 ||| FLEEEEING.
   575 | D:2      | 575 ||| FLEEEEING.
   576 | D:2      | 576 ||| FLEEEEING.
   577 | D:2      | 577 ||| FLEEEEING.
   578 | D:2      | 578 ||| FLEEEEING.
   579 | D:2      | 579 ||| FLEEEEING.
   580 | D:2      | 580 ||| FLEEEEING.
   581 | D:2      | 581 ||| FLEEEEING.
   582 | D:2      | 582 ||| FLEEEEING.
   583 | D:2      | 583 ||| FLEEEEING.
   584 | D:2      | 584 ||| FLEEEEING.
   585 | D:2      | 585 ||| FLEEEEING.
   591 | D:2      | 591 ||| FLEEEEING.
   592 | D:2      | 592 ||| FLEEEEING.
   593 | D:2      | 593 ||| FLEEEEING.
   595 | D:2      | 595 ||| FLEEEEING.
   596 | D:2      | 596 ||| FLEEEEING.
   597 | D:2      | 597 ||| FLEEEEING.
   598 | D:2      | 598 ||| FLEEEEING.
   599 | D:2      | 599 ||| STAIRDANCE
  1366 | D:2      | 1366 ||| READING 2 scrolls labelled OMOYHOEWNOU.
  1370 | D:2      | 1370 ||| DRINKING 3 sedimented emerald potions.
  1403 | D:3      | Found a runed translucent door.
  1426 | D:3      | Noticed qw's ghost (amateur SpHu)
  1527 | D:3      | Reached XP level 5. HP: 26/26 MP: 6/6
  1699 | D:3      | Found an iron altar of Okawaru.
  1700 | D:3      | 1700 ||| PLANNING OKAWARU WORSHIP
  1700 | D:3      | Found a glowing golden altar of the Shining One.
  1901 | D:3      | Found a runed translucent door.
  2261 | D:3      | 2261 ||| READING scroll labelled HERIG MOGHUAXUY.
  2262 | D:3      | 2262 ||| READING scroll labelled ITHAKK GANOFFEMIRR.
  2262 | D:3      | 2262 ||| IDENTIFYING sapphire potion
  2263 | D:3      | 2263 ||| READING scroll labelled GILOXE AGOQAC.
  2263 | D:3      | 2263 ||| ENCHANTING +0 cloak.
  2264 | D:3      | 2264 ||| DRINKING 2 brown potions.
  2264 | D:3      | Gained mutation: You expend magic power (3 MP) to
                  | strengthen your wands. [potion of mutation]
  2264 | D:3      | Gained mutation: You do not regenerate when monsters are
                  | visible. [potion of mutation]
  2264 | D:3      | Gained mutation: Your magical capacity is low. (-10% MP)
                  | [potion of mutation]
  2265 | D:3      | 2265 ||| DRINKING potion of mutation.
  2265 | D:3      | Lost mutation: Your magical capacity is low. (-10% MP)
                  | [potion of mutation]
  2265 | D:3      | Lost mutation: You do not regenerate when monsters are
                  | visible. [potion of mutation]
  2265 | D:3      | Lost mutation: You expend magic power (3 MP) to strengthen
                  | your wands. [potion of mutation]
  2265 | D:3      | Gained mutation: You have an increased reservoir of magic.
                  | (+10% MP) [potion of mutation]
  2265 | D:3      | Gained mutation: You are frail. (-10% HP) [potion of
                  | mutation]
  2265 | D:3      | Gained mutation: You occasionally shout uncontrollably at
                  | your foes. [potion of mutation]
  2265 | D:3      | Gained mutation: You are partially covered in iridescent
                  | scales. (AC +2) [potion of mutation]
  2335 | D:3      | Became a worshipper of Warmaster Okawaru
  2336 | D:3      | 2336 ||| PLANNING D:1-11
  2466 | D:4      | Killed from afar by an orc priest

Levels and vault maps discovered:
D:1:      scummos_arrival_simple_crosswalls, layout_rooms,
          ebering_ecumenical_altar_petrified, hangedman_decor_clover_reticule,
          hangedman_decor_riveting
D:2:      layout_basic, uniq_jessica, uniq_terence
D:3:      layout_loops_corners, mainiacjoe_overflow_catwalk_spiral,
          ebering_ghost_sewer_f
D:4:      layout_cave_pools, grunt_temple_overflow_open

Skill      XL: |  1  2  3  4 |
---------------+-------------+-----
Dodging        | 3 4 5 |  5.0
Ranged Weapons | 5 |  5.3
Fighting       | 2 |  2.2
Stealth        | |  1.5

Action                     |  1- 3 |  4- 6 || total
---------------------------+-------+-------++-------
   Fire: Shortbow          |    81 |    89 ||   170
    Use: Scroll            |     2 |     4 ||     6
         Potion            |     1 |     3 ||     4
 Armour: Robe              |    10 |    10 ||    20
  Dodge: Dodged            |    29 |    17 ||    46

Table legend:
 A = Non-vault XP
 B = Vault XP
 C = Vault XP percentage of total XP
 D = Non-vault monster count
 E = Vault monster count
 F = Vault count percentage of total count
                 A         B        C        D         E       F
            +---------+---------+-------+---------+---------+-------
      Total |     172 |      73 |  29.8 |      51 |       2 |   3.8
            +---------+---------+-------+---------+---------+-------
        D:1 |      35 |       0 |   0.0 |      19 |       0 |   0.0
        D:2 |      66 |      73 |  52.5 |      16 |       2 |  11.1
        D:3 |      66 |       0 |   0.0 |      14 |       0 |   0.0
        D:4 |       5 |       0 |   0.0 |       2 |       0 |   0.0
            +---------+---------+-------+---------+---------+-------
